 Dungeon Crawl Stone Soup version 0.18-a0-1539-g1c7284a (webtiles) character file.

31913 Tomstefer the Warrior (level 13, -1/128 HPs)
             Began as a Minotaur Berserker on Mar 9, 2016.
             Was a High Priest of Trog.
             Slain by a boulder beetle (19 damage)
             ... on level 6 of the Lair of Beasts.
             The game lasted 00:26:11 (16465 turns).

Tomstefer the Warrior (Minotaur Berserker)         Turns: 16465, Time: 00:26:11

Health: -1/128     AC: 20    Str: 25    XL:     13   Next: 28%
Magic:  4/4        EV: 13    Int:  4    God:    Trog [*****.]
Gold:   909        SH:  7    Dex: 12    Spells: 0 memorised, 12 levels left

rFire  . . .     SeeInvis .     e - +1 mace (antimagic)
rCold  . . .     Gourm    .     w - +0 plate armour
rNeg   . . .     Faith    .     k - +2 buckler
rPois  .         Spirit   .     v - +1 hat
rElec  .         Dismiss  .     (no cloak)
rCorr  +         Reflect  .     (no gloves)
SustAt .         Harm     .     M - +1 pair of boots {Fly}
MR     .....                    (no amulet)
Stlth  ..........               t - +4 ring of evasion
                                u - ring of resist corrosion

@: flying, not resistant to hostile enchantments, extremely unstealthy
A: retaliatory headbutt, horns 2
a: Berserk, Trog's Hand, Brothers in Arms, Burn Spellbooks, Renounce Religion,
Stop Flying


You were on level 6 of the Lair of Beasts.
You worshipped Trog.
Trog was extremely pleased with you.
You were very hungry.

You visited 2 branches of the dungeon, and saw 16 of its levels.

You collected 909 gold pieces.

Inventory:

Hand Weapons
 e - a +1 antimagic mace (weapon)
 F - a +0 whip of venom
Armour
 k - a +2 buckler (worn)
 v - a +1 hat (worn)
 w - a +0 plate armour (worn)
 M - a +1 pair of boots of flying (worn)
Jewellery
 t - a +4 ring of evasion (right hand)
 u - a ring of resist corrosion (left hand)
Wands
 z - a wand of teleportation (5/9)
 B - a wand of iceblast (6/15)
 J - a wand of acid (7/15)
 K - a wand of iceblast (7/15)
 L - a wand of slowing (34/48)
 P - a wand of teleportation (4/9)
Scrolls
 g - a scroll of enchant armour
 o - 7 scrolls of teleportation
 x - 2 scrolls of recharging
 y - 4 scrolls of remove curse
 A - a scroll of enchant weapon
 C - 3 scrolls of magic mapping
 E - a scroll of fog
 R - a scroll of fear
Potions
 b - 7 potions of haste
 d - 2 potions of might
 h - a potion of brilliance
 l - 2 potions of berserk rage
 m - 3 potions of flight
 n - 5 potions of curing {unknown}
 p - a potion of cancellation
 r - 2 potions of agility {unknown}
 s - a potion of heal wounds {unknown}
 G - 4 potions of degeneration {unknown}
 H - a potion of invisibility {unknown}
 I - a potion of resistance {unknown}
Miscellaneous
 a - a phial of floods
Comestibles
 c - 5 bread rations
 f - 8 meat rations
 i - 6 beef jerkies
 j - 2 royal jellies
 q - 13 slices of pizza
 Q - 5 fruits


   Skills:
 + Level 15.7 Fighting
 - Level 14.5 Maces & Flails
 + Level 14.7 Armour
 - Level 2.1 Dodging
 - Level 6.3 Shields


You had 12 spell levels left.
You didn't know any spells.

Dungeon Overview and Level Annotations

Branches:
Dungeon (10/15)            Temple (0/1) D:7            Lair (6/8) D:9
  Swamp (0/4) Lair:5        Snake (0/4) Lair:5
  Slime: Lair:6-8       Orc: D:9-12

Altars:
Ashenzari
Cheibriados
Dithmenos
Elyvilon
Fedhas
Gozag
Nemelex Xobeh
Okawaru
Pakellas
Qazlal
Ru
Trog
Vehumet
Xom
Yredelemnul


Innate Abilities, Weirdness & Mutations

You reflexively headbutt those who attack you in melee.
You have a pair of horns on your head.


Message History

You're too hungry to go berserk.
Unknown command.
You are struck by the porcupine's spines.
* * * LOW HITPOINT WARNING * * *
You completely miss the porcupine. Your headbutt misses the porcupine.
The porcupine is almost dead.
You thump the porcupine!
You kill the porcupine!
Trog accepts your kill.
You hit the boulder beetle but do no damage.
The boulder beetle is almost dead.
The boulder beetle bites you!
* * * LOW HITPOINT WARNING * * *
You hit the boulder beetle but do no damage.
You headbutt the boulder beetle.
The boulder beetle is almost dead.
You hit the boulder beetle.
The boulder beetle is almost dead.
The boulder beetle bites you!!
You die...

...###.8.# #.. #...........
...###....##.. ##..........
....#.....#.#. .8.....<.....8.
...## ..#.#......P#.) P...
..##..... #..##### #...#
...###.8. ...#..#######..P##
#...# .. #B#PP..P.PP.....#
##.... ..##†@............#
..#.... #....†...........#
#.##... #...............## ###
.#.. ##.P...P....#....# ##.8.
####..##.####..## ##..#.
#########....P# ####.....##
##.#########...##
#..#....#.####.###.#..###....#
.......P.#.#....##.#.#^###..##


You could see a boulder beetle.

Vanquished Creatures
  7 hydras
  A salamander (Lair:5)
  5 griffons
  9 black mambas
  Joseph (D:8)
  13 spiny frogs
  5 komodo dragons
  A rime drake (Lair:6)
  2 polar bears
  7 blink frogs
  A two-headed ogre (D:9)
  2 spriggans (Lair:4)
  29 yaks
  A human (D:7)
  A steam dragon (Lair:5)
  5 hippogriffs
  3 wolves (Lair:4)
  11 water moccasins
  12 porcupines
  8 orc warriors
  A sky beast (D:6)
  3 black bears
  An eye of draining (D:9)
  3 ogres
  2 necrophages (D:9)
  2 centaurs
  11 crocodiles
  A big kobold (D:8)
  13 giant frogs
  A water moccasin skeleton (D:8)
  A scorpion (D:4)
  6 killer bees (D:9)
  8 howler monkeys
  2 electric eels
  3 crimson imps
  A quasit (D:7)
  4 hounds
  3 orc priests
  9 iguanas
  2 jellies
  10 orc wizards
  2 worker ants (D:8)
  27 sheep
  2 hound skeletons
  48 river rats
  9 adders
  2 oozes
  An adder zombie (D:6)
  An adder skeleton (D:8)
  A worm (D:2)
  2 dart slugs (D:1)
  6 giant geckos
  25 orcs
  13 bats
  6 giant cockroaches
  3 hobgoblins (D:1)
  13 jackals
  19 kobolds
  6 quokkas
  5 ball pythons
  2 giant gecko skeletons
  4 giant newts
  12 goblins
  A jackal zombie (D:5)
  A quokka skeleton (D:5)
  14 rats
436 creatures vanquished.

Vanquished Creatures (others)
  12 fungi
  5 plants
17 creatures vanquished.

Grand Total: 453 creatures vanquished

Notes
Turn   | Place    | Note
--------------------------------------------------------------
     0 | D:1      | Tomstefer the Minotaur Berserker began the quest for the Orb.
     0 | D:1      | Reached XP level 1. HP: 19/19 MP: 0/0
   191 | D:1      | Reached XP level 2. HP: 21/27 MP: 1/1
   193 | D:1      | Reached skill level 4 in Fighting
   535 | D:1      | Reached XP level 3. HP: 25/33 MP: 2/2
   553 | D:1      | Reached ** piety under Trog
   949 | D:2      | Reached skill level 5 in Maces & Flails
  1114 | D:2      | Reached XP level 4. HP: 36/41 MP: 3/3
  1424 | D:3      | Reached *** piety under Trog
  1567 | D:3      | Found a shimmering altar of Xom.
  1628 | D:3      | Found a stormy altar of Qazlal.
  1654 | D:3      | Found a faded altar to an unknown god.
  1843 | D:4      | Got a shimmering dagger
  1851 | D:4      | Reached skill level 5 in Fighting
  1851 | D:4      | Reached XP level 5. HP: 19/48 MP: 4/4
  1937 | D:4      | Identified the +9 dagger "Liazat" {pierce, rN++} (You found it on level 4 of the Dungeon)
  2124 | D:4      | Noticed an ogre
  2132 | D:4      | Killed an ogre
  2254 | D:4      | Found a shadowy altar of Dithmenos.
  2703 | D:5      | Entered Level 5 of the Dungeon
  2703 | D:5      | Noticed a water moccasin
  2713 | D:5      | Killed a water moccasin
  2713 | D:5      | Reached XP level 6. HP: 26/57 MP: 5/5
  3214 | D:5      | Reached skill level 6 in Fighting
  3255 | D:5      | Reached XP level 7. HP: 64/64 MP: 6/6
  3858 | D:5      | Reached skill level 7 in Fighting
  4261 | D:6      | Reached **** piety under Trog
  4352 | D:6      | Found an oddly glowing altar of Pakellas.
  4658 | D:6      | Found a white marble altar of Elyvilon.
  4810 | D:7      | Reached XP level 8. HP: 73/73 MP: 7/7
  4998 | D:7      | Found a staircase to the Ecumenical Temple.
  5315 | D:8      | Reached skill level 10 in Maces & Flails
  5317 | D:8      | Reached skill level 8 in Fighting
  5356 | D:8      | Found a blossoming altar of Fedhas.
  5357 | D:8      | Found a snail-covered altar of Cheibriados.
  5357 | D:8      | Found a sacrificial altar of Ru.
  5359 | D:8      | Found an opulent altar of Gozag.
  5359 | D:8      | Found a radiant altar of Vehumet.
  5366 | D:8      | Found a shattered altar of Ashenzari.
  5366 | D:8      | Found a basalt altar of Yredelemnul.
  5371 | D:8      | Reached skill level 5 in Armour
  5372 | D:8      | Found a bloodstained altar of Trog.
  5632 | D:8      | Noticed Joseph
  5656 | D:8      | Killed Joseph
  5656 | D:8      | Reached XP level 9. HP: 82/82 MP: 8/8
  5830 | D:8      | Reached skill level 9 in Fighting
  6052 | D:8      | Found an iron altar of Okawaru.
  6733 | D:9      | Found a sparkling altar of Nemelex Xobeh.
  6740 | D:9      | Reached skill level 10 in Fighting
  6786 | D:9      | Reached XP level 10. HP: 90/93 MP: 9/9
  6864 | D:9      | Reached ***** piety under Trog
  7207 | D:9      | Noticed a four-headed hydra
  7220 | D:9      | Killed a four-headed hydra
  7411 | D:9      | Found a staircase to the Lair.
  7446 | D:9      | Found a sacrificial altar of Ru.
  7757 | D:10     | Entered Level 10 of the Dungeon
  7788 | Lair:1   | Entered Level 1 of the Lair of Beasts
  7797 | Lair:1   | Noticed a black mamba
  7807 | Lair:1   | Killed a black mamba
  8027 | Lair:1   | Received a gift from Trog
  8027 | Lair:1   | Reached skill level 11 in Fighting
  8273 | Lair:1   | Reached XP level 11. HP: 91/102 MP: 3/10
  8738 | Lair:1   | Reached skill level 1 in Shields
  9689 | Lair:2   | Reached skill level 10 in Armour
 10348 | Lair:2   | Reached skill level 12 in Fighting
 10601 | Lair:3   | Noticed a five-headed hydra
 10602 | Lair:3   | Noticed a four-headed hydra
 10608 | Lair:3   | Killed a five-headed hydra
 10608 | Lair:3   | Reached skill level 5 in Shields
 10612 | Lair:3   | Killed a four-headed hydra
 10911 | Lair:3   | Received a gift from Trog
 11156 | Lair:3   | Reached XP level 12. HP: 113/113 MP: 3/11
 11186 | Lair:3   | Reached skill level 13 in Fighting
 12165 | Lair:4   | Noticed a seven-headed hydra
 12173 | Lair:4   | Killed a seven-headed hydra
 12249 | Lair:4   | Noticed a five-headed hydra
 12261 | Lair:4   | Killed a five-headed hydra
 12690 | Lair:4   | Reached skill level 14 in Fighting
 13498 | Lair:5   | Found a staircase to the Snake Pit.
 13979 | Lair:5   | Received a gift from Trog
 14146 | Lair:5   | Noticed an eight-headed hydra
 14152 | Lair:5   | Killed an eight-headed hydra
 14152 | Lair:5   | Reached skill level 15 in Fighting
 14331 | Lair:5   | Reached XP level 13. HP: 117/126 MP: 4/12
 15025 | Lair:5   | Found a staircase to the Swamp.
 16465 | Lair:6   | Slain by a boulder beetle

Vault maps used:
D:1:      minmay_arrival_floating_metal, minmay_cupped
D:2:      first_bread, corner_web_ring
D:3:      old_standard_altar, nicolae_qazlal_eye_of_the_storm,
          ecumenical_altar_2, st_stairs_8
D:4:      kennysheep_mini
D:5:      lemuel_ice_spiral_2
D:6:      minitemple
D:7:      minmay_temple_entry_glassed_door, grunt_livestock, serial_park_tiny_2
D:8:      grunt_temple_overflow_open, st_stairs_4,
          minmay_misc_feat_four_crosses, nrook_loot_triangle,
          okawaru_metal_pillars_1_2, uniq_joseph
D:9:      lemuel_crystal_altar, grunt_lair_entry_orc_guard_hut, basic_altar,
          st_stairs_7
D:10:     orc_0_dummy, uniq_urug
Lair:1:   beast_lair_carwin_5, grunt_megastairs_4
Lair:2:   nicolae_quartered_pool_medium, beast_lair_carwin_7
Lair:3:   ldierk_geyser, serial_bayou_pond_e, st_stairs_10,
          grunt_forest_small_clearing_treed
Lair:4:   forest_entry_grove, lemuel_fruit_tree
Lair:5:   swamp_mist_pool, minmay_snake_entry_six_corridors
Lair:6:   dpeg_slime_entry_enclosed_altar, small_statue_intersection,
          grunt_megastairs_5, serial_bayou_shore_a

Skill      XL: |  1  2  3  4  5  6  7  8  9 10 11 12 |
---------------+-------------------------------------+-----
Maces & Flails | 4 5 7 8 9 11 12 14 | 14.5
Fighting       | 4 5 6 7 8 10 11 12 15 | 15.7
Armour         | 3 5 7 9 11 14 | 14.7
Shields        | 6 |  6.3
Dodging        | |  2.1

Action                   |  1- 3 |  4- 6 |  7- 9 | 10-12 | 13-15 || total
-------------------------+-------+-------+-------+-------+-------++-------
Melee: Mace              |    88 |    83 |    77 |   685 |   211 ||  1144
       Flail             |       |       |   194 |       |       ||   194
       Whip              |       |       |    58 |   187 |       ||   245
Invok: Berserk           |       |     3 |     4 |    11 |     2 ||    20
       Trog's Hand       |       |     1 |       |       |       ||     1
       Burn Spellbooks   |       |     1 |     1 |     2 |       ||     4
  Use: Scroll            |       |    11 |     3 |     7 |       ||    21
  Eat: Chunk             |     1 |     4 |    17 |    27 |     7 ||    56
       Bread ration      |       |     1 |       |     2 |       ||     3
